[Event "Titled Tuesday Blitz January 10 Late 2023"]
[White "Suder, Jakub"]
[Black "Skaric, Djuro"]
[WhiteFideId "1195310"]
[BlackFideId "934569"]
[WhiteElo "2244"]
[BlackElo "2334"]
[Result "1-0"]
[Round "03"]
[TimeControl "180+2"]
[Date "2023.01.10"]
[WhiteClock "0:00:48"]
[BlackClock "0:01:21"]

1. d4 d6 2. Nf3 g6 3. c4 Bg7 4. Nc3 Nf6 5. e4 O-O 6. Be2 Nc6 7. O-O e5 8. d5 Ne7 9. Ne1 h6 10. Be3 Ne8 11. c5 f5 12. f3 f4 13. Bf2 g5 14. a4 Rf7 15. a5 Bf8 16. a6 b6 17. cxd6 cxd6 18. Bb5 Bd7 19. Bxd7 Qxd7 20. Nd3 h5 21. Kh1 Ng6 22. Bg1 Rg7 23. Qb3 Nh8 24. Qb5 Qf7 25. Nb4 g4 26. Nc6 g3 27. h3 Qf6 28. Qe2 Nf7 29. Rfc1 Qh4 30. Qf1 Ng5 31. Rc2 Nf6 32. Re1 Nfh7 33. Nb5 Nxh3 34. gxh3 Ng5 35. Rg2 Nxh3 36. Bh2 Nf2+ 37. Rxf2 gxf2 38. Re2 Rg3 39. Rxf2 Qg5 40. Nc7 Rc8 41. Ne6 Qg6 42. Rg2 h4 43. Bxg3 fxg3 44. Rg1 Bh6 45. Ne7+ Kf7 46. Nxg6 Kxg6 47. Qh3 1-0


[Site "https://www.chess.com"]

[Event "Titled Tuesday Blitz January 10 Late 2023"]
[White "Rosenberg, Evan S"]
[Black "Bayo Milagro, Alvaro"]
[WhiteFideId "2019299"]
[BlackFideId "22275240"]
[WhiteElo "1956"]
[BlackElo "2287"]
[Result "0-1"]
[Round "03"]
[TimeControl "180+2"]
[Date "2023.01.10"]
[WhiteClock "0:01:20"]
[BlackClock "0:01:39"]

1. d4 Nf6 2. Nf3 e6 3. g3 b5 4. Bg2 Bb7 5. O-O d5 6. a4 b4 7. c4 dxc4 8. Nbd2 c3 9. bxc3 bxc3 10. Nc4 Be7 11. Rb1 Be4 12. Rb3 c2 13. Qd2 O-O 14. Ne1 Bxg2 15. Kxg2 Nc6 16. Nxc2 Qd5+ 17. f3 Qxc4 18. Rc3 Qxa4 19. e4 Rfd8 20. g4 Nxd4 21. Rd3 0-1


[Site "https://www.chess.com"]

[Event "Titled Tuesday Blitz January 10 Late 2023"]
[White "rikchessmx"]
[Black "Karttunen, Mika"]
[BlackFideId "502081"]
[WhiteElo "2330"]
[BlackElo "2490"]
[Result "1-0"]
[Round "03"]
[TimeControl "180+2"]
[Date "2023.01.10"]
[WhiteClock "0:01:14"]
[BlackClock "0:00:03"]

1. e4 c6 2. d4 d5 3. Nc3 dxe4 4. Nxe4 Bf5 5. Ng3 Bg6 6. h4 h6 7. Nf3 Nd7 8. h5 Bh7 9. Bd3 Bxd3 10. Qxd3 e6 11. Bd2 Ngf6 12. O-O-O Qc7 13. Ne4 O-O-O 14. g3 Nxe4 15. Qxe4 Bd6 16. c4 c5 17. Bc3 Kb8 18. dxc5 Nxc5 19. Qe2 f6 20. Nd4 a6 21. Nxe6 Rhe8 22. Nxc7 Rxe2 23. Nd5 Rxf2 24. Ba5 Re8 25. g4 Be5 26. Rd2 Rxd2 27. Kxd2 Bxb2 28. Bc7+ Kc8 29. Bf4 Ne6 30. Be3 Bd4 31. Bxd4 Nxd4 32. Kd3 Nc6 33. Rb1 Ne5+ 34. Kd4 Nxg4 35. Rg1 f5 36. Rf1 Re4+ 37. Kc5 Re5 38. Kd6 Kd8 39. Rb1 Kc8 40. Rg1 Re4 41. Rf1 Ne5 42. Rxf5 Nxc4+ 43. Kc5 Kb8 44. Rf7 Ne5 45. Rxg7 Rc4+ 46. Kd6 Nf3 47. Rg6 Rc6+ 48. Ke7 Ne5 49. Rg8+ Ka7 50. Rh8 Nc4 51. Nf6 Nb6 52. Rh7 Rc7+ 53. Ke6 Rc6+ 54. Kf5 Rc2 55. Kg6 Rxa2 56. Kxh6 Rg2 57. Rg7 Rf2 58. Kg5 a5 59. Ng4 Rd2 60. h6 Rd5+ 61. Kg6 Rd6+ 62. Nf6 Nd5 63. Rf7 Nxf6 64. Rxf6 Rd8 65. h7 a4 66. Rf4 b5 67. Rb4 Kb6 68. Rd4 Ra8 69. Rd6+ Kc5 70. Rd7 a3 71. Ra7 Rxa7 72. h8=Q Ra4 73. Qa1 a2 74. Kf5 Kc4 75. Ke4 b4 76. Ke3 Ra3+ 77. Kd2 b3 78. Kc1 Kb5 79. Kb2 Kb4 80. Qe1+ Ka4 81. Qe4+ Kb5 82. Qe5+ Kc4 83. Qe6+ Kc5 84. Qe7+ Kc4 85. Qxa3 1-0


[Site "https://www.chess.com"]

[Event "Titled Tuesday Blitz January 10 Late 2023"]
[White "Lopez Del Alamo, Antonio"]
[Black "Ju, Wenjun"]
[WhiteFideId "2227339"]
[BlackFideId "8603006"]
[WhiteElo "2280"]
[BlackElo "2550"]
[Result "0-1"]
[Round "03"]
[TimeControl "180+2"]
[Date "2023.01.10"]
[WhiteClock "0:00:24"]
[BlackClock "0:01:03"]

1. e4 e5 2. Bc4 Nf6 3. d3 c6 4. Nf3 d5 5. Bb3 a5 6. a3 a4 7. Ba2 Bd6 8. Nc3 d4 9. Ne2 O-O 10. Ng3 c5 11. Bg5 h6 12. Bd2 Re8 13. O-O Be6 14. Nf5 Bf8 15. h3 Bxa2 16. Rxa2 Nbd7 17. g4 Nh7 18. h4 b5 19. Kh1 c4 20. Rg1 Ra6 21. g5 h5 22. Nh2 g6 23. Ng3 Nc5 24. Bb4 Ne6 25. Qf3 Bxb4 26. axb4 Nf4 27. Ne2 Nxe2 28. Qxe2 Qc8 29. Rg3 Rc6 30. Kg2 Nf8 31. Rf3 Ne6 0-1


[Site "https://www.chess.com"]

[Event "Titled Tuesday Blitz January 10 Late 2023"]
[White "Corredor Castellanos, Camilo"]
[Black "Janaszak, Dawid"]
[WhiteFideId "4425871"]
[BlackFideId "1119206"]
[WhiteElo "1957"]
[BlackElo "2316"]
[Result "0-1"]
[Round "03"]
[TimeControl "180+2"]
[Date "2023.01.10"]
[WhiteClock "0:00:28"]
[BlackClock "0:00:41"]

1. d4 d5 2. Nf3 c5 3. e3 Nf6 4. g3 Nc6 5. Bg2 e6 6. O-O Be7 7. c3 O-O 8. dxc5 Bxc5 9. b4 Bd6 10. Bb2 a5 11. a3 b6 12. b5 Ne5 13. Nxe5 Bxe5 14. Nd2 a4 15. Nf3 Bd6 16. Qd4 Bd7 17. c4 Bc5 18. Qd3 dxc4 19. Qxc4 Rc8 20. Qxa4 Qe8 21. Bxf6 gxf6 22. Qh4 Bxb5 23. Qxf6 Be7 24. Qb2 Bxf1 25. Bxf1 Qc6 26. Ne5 Qc3 27. Qxc3 Rxc3 28. Nd7 Rd8 29. Nxb6 Rd2 30. Nc4 Rdc2 31. Ne5 Bxa3 32. Nf3 Rb2 33. Ng5 Be7 34. Nh3 Bf6 35. Rd1 Rcc2 36. Bd3 Rd2 37. Rxd2 Rxd2 38. Be4 h6 39. Kg2 Be7 40. Kf3 Bb4 41. Nf4 Rb2 42. Nh5 Be1 43. Nf6+ Kg7 44. Nh5+ Kf8 45. Kg4 f5+ 0-1


[Site "https://www.chess.com"]

[Event "Titled Tuesday Blitz January 10 Late 2023"]
[White "Szente Varga, Fruzsina"]
[Black "Andreev, Eduard"]
[WhiteFideId "712264"]
[BlackFideId "14103400"]
[WhiteElo "2075"]
[BlackElo "2413"]
[Result "0-1"]
[Round "03"]
[TimeControl "180+2"]
[Date "2023.01.10"]
[WhiteClock "0:02:10"]
[BlackClock "0:02:16"]

1. e4 c6 2. d4 d5 3. Nc3 dxe4 4. Nxe4 Nf6 5. Nxf6+ exf6 6. c3 Bd6 7. Bd3 O-O 8. Ne2 Re8 9. Qc2 h5 10. Bd2 Be6 11. O-O-O Nd7 12. Kb1 Nf8 13. h4 b5 14. f3 a5 15. Nf4 Bxf4 16. Bxf4 a4 17. g4 Qd5 18. b3 axb3 19. axb3 Ra3 20. gxh5 Rea8 21. c4 Ra1+ 22. Kb2 Qxd4+ 23. Qc3 R8a2# 0-1


[Site "https://www.chess.com"]

[Event "Titled Tuesday Blitz January 10 Late 2023"]
[White "Aggelis, Nikolaos"]
[Black "Rodriguez Santiago, Jaime"]
[WhiteFideId "4213220"]
[BlackFideId "3100898"]
[WhiteElo "2270"]
[BlackElo "2026"]
[Result "1-0"]
[Round "03"]
[TimeControl "180+2"]
[Date "2023.01.10"]
[WhiteClock "0:02:24"]
[BlackClock "0:01:45"]

1. Nf3 Nf6 2. g3 g6 3. Bg2 d5 4. O-O Bg7 5. c4 c6 6. Qa4 O-O 7. d4 dxc4 8. Qxc4 b5 9. Qc2 Bb7 10. Rd1 a6 11. Ne5 Nd5 12. Nc3 b4 13. Ne4 a5 14. Nc5 Qc7 15. e4 Nb6 16. Bf4 Qc8 17. Rac1 f6 18. Qb3+ Kh8 19. Nf7+ Rxf7 20. Qxf7 e5 21. dxe5 fxe5 22. Ne6 1-0


[Site "https://www.chess.com"]

[Event "Titled Tuesday Blitz January 10 Late 2023"]
[White "Perez Rodriguez, Jennifer"]
[Black "Sielecki, Christof"]
[WhiteFideId "3507831"]
[BlackFideId "4620437"]
[WhiteElo "2242"]
[BlackElo "2419"]
[Result "0-1"]
[Round "03"]
[TimeControl "180+2"]
[Date "2023.01.10"]
[WhiteClock "0:00:01"]
[BlackClock "0:00:29"]

1. e4 c5 2. c3 d5 3. exd5 Qxd5 4. d4 e6 5. Nf3 a6 6. Na3 Nf6 7. Nc4 Nbd7 8. Be3 b5 9. Nce5 Nxe5 10. dxe5 Qxd1+ 11. Rxd1 Nd5 12. Bc1 c4 13. Be2 Bb7 14. O-O Be7 15. Nd4 O-O 16. a4 Nc7 17. f4 g6 18. Bf3 Bxf3 19. Rxf3 Bc5 20. axb5 Bxd4+ 21. Rxd4 axb5 22. Rd7 Nd5 23. g4 Rfd8 24. Rxd8+ Rxd8 25. f5 exf5 26. gxf5 Re8 27. e6 fxe6 28. fxe6 Rxe6 29. Bh6 Rf6 30. Rg3 Kf7 31. Rg4 Rf5 32. Re4 Nf6 33. Rd4 Rd5 34. Rf4 g5 35. Rf2 Kg6 36. Bf8 Ne4 37. Re2 Rd1+ 38. Kg2 Rd2 39. Rxd2 Nxd2 40. Kf2 Kf5 41. Ke2 Nb3 42. Ke3 h5 43. Bd6 h4 44. h3 g4 45. hxg4+ Kxg4 46. Ke4 Nc1 47. Kd5 Nd3 48. Kc6 Nxb2 49. Kxb5 Kf3 50. Kb4 Ke2 51. Ka3 Nd1 52. Kb4 Kd3 53. Be5 h3 54. Bh2 Nxc3 55. Be5 Ne4 0-1


[Site "https://www.chess.com"]

[Event "Titled Tuesday Blitz January 10 Late 2023"]
[White "Richter, Paul"]
[Black "Ratnesan, Ranesh"]
[WhiteFideId "2046350"]
[BlackFideId "439339"]
[WhiteElo "2171"]
[BlackElo "2260"]
[Result "1-0"]
[Round "03"]
[TimeControl "180+2"]
[Date "2023.01.10"]
[WhiteClock "0:00:13"]
[BlackClock "0:00:09"]

1. e4 c5 2. Nf3 d6 3. d4 cxd4 4. Nxd4 Nf6 5. Nc3 a6 6. Be2 e5 7. Nb3 Be7 8. g4 O-O 9. g5 Ne8 10. h4 Nc6 11. Be3 Be6 12. Bg4 Nc7 13. Bxe6 fxe6 14. Qg4 d5 15. Bb6 Rf4 16. Qh3 Bb4 17. Bxc7 Bxc3+ 18. bxc3 Rxe4+ 19. Kf1 Qxc7 20. Qxe6+ Qf7 21. Qxf7+ Kxf7 22. Rh3 b6 23. Rb1 Ra4 24. Nc1 b5 25. Rb2 Ke6 26. Nd3 Rc4 27. Rb3 Rf8 28. Ra3 Ra8 29. Ke1 a5 30. Rb3 Rb8 31. Kd2 a4 32. Rb1 Kd6 33. h5 Rg4 34. Rg3 Rxg3 35. fxg3 Ne7 36. g4 g6 37. Ke3 Nc6 38. Rf1 Re8 39. Rf6+ Re6 40. Rf8 Na5 41. Rb8 Nc4+ 42. Ke2 Kc6 43. Nb4+ Kc7 44. Rxb5 Nb6 45. Nxd5+ Nxd5 46. Rxd5 Rc6 47. Kd3 1-0


[Site "https://www.chess.com"]

[Event "Titled Tuesday Blitz January 10 Late 2023"]
[White "Dylag, Emilia"]
[Black "Perrine, Dalton"]
[WhiteFideId "21805172"]
[BlackFideId "2048434"]
[WhiteElo "2095"]
[BlackElo "2228"]
[Result "0-1"]
[Round "03"]
[TimeControl "180+2"]
[Date "2023.01.10"]
[WhiteClock "0:00:04"]
[BlackClock "0:00:09"]

1. d4 Nf6 2. c4 e6 3. g3 d5 4. Bg2 dxc4 5. Nf3 c5 6. O-O Nc6 7. Na3 cxd4 8. Nxc4 Bc5 9. Bg5 h6 10. Bf4 Nd5 11. Be5 Nxe5 12. Nfxe5 O-O 13. Rc1 f6 14. Nd3 Be7 15. Qb3 b6 16. Nd2 Bb7 17. Nf3 e5 18. Nh4 Qd7 19. Ng6 Rfd8 20. Rfd1 Bf8 21. e4 dxe3 22. Ne1 exf2+ 23. Kxf2 Bc5+ 24. Rxc5 bxc5 25. Nc2 Qf7 26. Nh4 Rab8 27. Qc4 Nb6 28. Qxf7+ Kxf7 29. Rxd8 Rxd8 30. Bxb7 Rd2+ 31. Ke3 Rxc2 32. Nf5 Rxb2 33. Be4 h5 34. Nd6+ Ke6 35. Nb7 c4 36. Nc5+ Ke7 37. a4 Ra2 38. a5 Rxa5 39. Nb7 Ra3+ 40. Kd2 c3+ 41. Kc2 a5 42. Nc5 Ra2+ 43. Kb3 Rxh2 44. Kxc3 a4 45. Kb4 Re2 46. Bc6 Re3 47. Nxa4 Nxa4 48. Kxa4 Rxg3 49. Kb4 h4 50. Kc5 h3 0-1


[Site "https://www.chess.com"]

[Event "Titled Tuesday Blitz January 10 Late 2023"]
[White "Przybylski, Wojciech"]
[Black "Tyagi, Kushan"]
[WhiteFideId "1117599"]
[BlackFideId "2040069"]
[WhiteElo "2321"]
[BlackElo "2060"]
[Result "1-0"]
[Round "03"]
[TimeControl "180+2"]
[Date "2023.01.10"]
[WhiteClock "0:00:04"]
[BlackClock "0:00:06"]

1. e4 c5 2. Nf3 e6 3. d4 cxd4 4. Nxd4 a6 5. Bd3 Bc5 6. Nb3 Be7 7. O-O d6 8. c4 Nd7 9. Nc3 b6 10. Be3 Bb7 11. a4 Ngf6 12. a5 Nc5 13. axb6 Qxb6 14. Na5 O-O 15. e5 Nfd7 16. Bc2 Nxe5 17. f4 Ng6 18. f5 exf5 19. Bd4 f4 20. Kh1 Rab8 21. b4 Qxb4 22. Nd5 Bxd5 23. cxd5 Qb6 24. Nc6 Rbe8 25. Rb1 Qc7 26. Nxe7+ Qxe7 27. Qh5 f6 28. Bf5 Qe2 29. Bg4 Qe4 30. Bxc5 dxc5 31. d6 Qe5 32. d7 Rd8 33. Qh3 Qg5 34. Be6+ Kh8 35. Rbd1 Ne5 36. Rd5 f3 37. gxf3 f5 38. f4 Qg4 39. Qg3 Qxg3 40. hxg3 Ng4 41. Rf3 g6 42. Rxc5 Nf6 43. Rc7 Kg7 44. Re3 h6 45. Kg2 g5 46. Rd3 Ne4 47. Kf3 Kf6 48. Bc4 Ke7 49. Bxa6 Rf6 50. Bc8 Rd6 51. Rxd6 Nxd6 52. Rc5 gxf4 53. gxf4 Ke6 54. Re5+ Kf6 55. Rd5 Ke6 56. Rd1 Kf6 57. Rxd6+ Ke7 58. Rd5 Ke6 59. Re5+ Kf6 60. Re8 1-0


[Site "https://www.chess.com"]

[Event "Titled Tuesday Blitz January 10 Late 2023"]
[White "Zampronha, Wladimir Camilo"]
[Black "Koutlas, Nikolaos"]
[WhiteFideId "2103087"]
[BlackFideId "25827138"]
[WhiteElo "2176"]
[BlackElo "2341"]
[Result "1/2-1/2"]
[Round "03"]
[TimeControl "180+2"]
[Date "2023.01.10"]
[WhiteClock "0:00:56"]
[BlackClock "0:00:49"]

1. e4 e6 2. d4 d5 3. Nc3 Nf6 4. e5 Nfd7 5. f4 c5 6. Nf3 Nc6 7. Be3 a6 8. Qd2 Be7 9. dxc5 Nxc5 10. O-O-O b5 11. Nd4 Bd7 12. Nxc6 Bxc6 13. Qf2 Na4 14. Bd4 Qa5 15. Kb1 Rb8 16. f5 exf5 17. Qxf5 O-O 18. e6 f6 19. Nxd5 Bxd5 20. Qxd5 Rfd8 21. Qh5 Qb4 22. Bd3 g6 23. Bxg6 hxg6 24. Qxg6+ Kh8 25. Bxf6+ Bxf6 26. Qxf6+ Kh7 27. Qf7+ Kh6 28. Qf6+ Kh7 29. Qf7+ Kh6 30. Qf6+ Kh7 1/2-1/2


[Site "https://www.chess.com"]

[Event "Titled Tuesday Blitz January 10 Late 2023"]
[White "Karas, Marek"]
[Black "Sohier, Julien"]
[WhiteFideId "14928558"]
[BlackFideId "645346"]
[WhiteElo "2227"]
[BlackElo "2214"]
[Result "1-0"]
[Round "03"]
[TimeControl "180+2"]
[Date "2023.01.10"]
[WhiteClock "0:00:52"]
[BlackClock "0:00:03"]

1. a3 e5 2. c4 Nf6 3. Nc3 d5 4. cxd5 Nxd5 5. Nf3 Nc6 6. e3 Bg4 7. h3 Bh5 8. g4 Bg6 9. Bb5 Nxc3 10. bxc3 Bd6 11. d4 exd4 12. cxd4 O-O 13. Bd3 Qf6 14. Bxg6 Qxg6 15. O-O h5 16. Nh2 f5 17. d5 fxg4 18. hxg4 Ne5 19. f4 Nxg4 20. Nxg4 hxg4 21. Bb2 Rae8 22. Bd4 Rf5 23. Kg2 Rh5 24. Rh1 Qe4+ 25. Kf2 Rxh1 26. Qxh1 Qc2+ 27. Kg3 Qf5 28. Qh4 Qxd5 29. Qxg4 Qf7 30. Re1 c5 31. Bc3 b5 32. Kf2 b4 33. axb4 cxb4 34. Bd4 a5 35. Rg1 Bf8 36. Rh1 b3 37. Qh3 Qg6 38. Qd7 Qc2+ 39. Kg3 Qg6+ 40. Kf2 Qe6 41. Qb5 Qe4 42. Qxb3+ Qe6 43. Qb1 Qe4 44. Qa2+ 1-0


[Site "https://www.chess.com"]

[Event "Titled Tuesday Blitz January 10 Late 2023"]
[White "Petukhov, Dmitry"]
[Black "Torres Dominguez, David"]
[WhiteFideId "4142748"]
[BlackFideId "2220857"]
[WhiteElo "2350"]
[BlackElo "1994"]
[Result "0-1"]
[Round "03"]
[TimeControl "180+2"]
[Date "2023.01.10"]
[WhiteClock "0:00:34"]
[BlackClock "0:00:40"]

1. e4 Nc6 2. Nf3 e5 3. Bb5 Nge7 4. O-O g6 5. d4 exd4 6. Nxd4 Bg7 7. Be3 O-O 8. Nc3 d5 9. exd5 Nxd5 10. Nxc6 bxc6 11. Bxc6 Nxe3 12. Qxd8 Rxd8 13. fxe3 Rb8 14. Bd5 Rxb2 15. Bxf7+ Kh8 16. Nd5 Ba6 17. Rfd1 Rxc2 18. Nb4 Rcd2 19. Rxd2 Rxd2 20. Rc1 Bh6 21. Nxa6 Bxe3+ 22. Kh1 Rf2 23. Rd1 Rxf7 24. h4 Bb6 25. Nb4 Rf4 26. g3 Rxb4 27. h5 gxh5 28. Kg2 h4 29. gxh4 Rxh4 30. Rd7 Ra4 31. Kf3 h5 32. Kg3 h4+ 33. Kh3 c6 34. Rd6 c5 35. Rc6 Rd4 36. Re6 c4 37. Rc6 Re4 38. a4 c3 39. Rxc3 Re3+ 40. Rxe3 Bxe3 41. Kxh4 Kg7 42. Kg4 Kf7 43. Kf3 Bg1 44. Ke4 Ke6 0-1


[Site "https://www.chess.com"]

[Event "Titled Tuesday Blitz January 10 Late 2023"]
[White "Araujo, Everson De Moura"]
[Black "Yurovskykh, Oleksandr"]
[WhiteFideId "22737197"]
[BlackFideId "14134020"]
[WhiteElo "1944"]
[BlackElo "2328"]
[Result "0-1"]
[Round "03"]
[TimeControl "180+2"]
[Date "2023.01.10"]
[WhiteClock "0:00:33"]
[BlackClock "0:01:04"]

1. c4 c6 2. Nf3 d5 3. e3 Nf6 4. b3 Bf5 5. Bb2 e6 6. d4 Nbd7 7. Bd3 Bb4+ 8. Bc3 Bxc3+ 9. Nxc3 Qa5 10. Qc2 Bxd3 11. Qxd3 Ne4 12. Rc1 Nxc3 13. Qxc3 Qxc3+ 14. Rxc3 Ke7 15. Ke2 Rhd8 16. Rhc1 Kd6 17. Ng5 Ke7 18. cxd5 exd5 19. Nxh7 f6 20. e4 dxe4 21. Re3 Rh8 22. Rxe4+ Kf7 23. d5 c5 24. d6 Rae8 25. Rxe8 Rxe8+ 26. Kf1 Kg6 0-1


[Site "https://www.chess.com"]

[Event "Titled Tuesday Blitz January 10 Late 2023"]
[White "Antonio, Jorge Carlos"]
[Black "Gurevich, Dmitry"]
[WhiteFideId "113190"]
[BlackFideId "2000407"]
[WhiteElo "2277"]
[BlackElo "2393"]
[Result "1-0"]
[Round "03"]
[TimeControl "180+2"]
[Date "2023.01.10"]
[WhiteClock "0:00:03"]
[BlackClock "0:00:06"]

1. d4 Nf6 2. Nf3 e6 3. Bf4 b6 4. g3 Bb7 5. Bg2 Be7 6. O-O O-O 7. c4 c5 8. d5 exd5 9. Ne1 d6 10. Nc3 Nbd7 11. Nxd5 Nxd5 12. Bxd5 Bxd5 13. Qxd5 Nf6 14. Qf3 Qd7 15. Nd3 Rad8 16. e4 Qe6 17. b3 Nxe4 18. Rae1 f5 19. Qe2 d5 20. f3 dxc4 21. Nf2 cxb3 22. axb3 Qxb3 23. fxe4 fxe4 24. Nxe4 Qd3 25. Qa2+ c4 26. Qxa7 Bb4 27. Nf2 Bc5 28. Qb7 Rf7 29. Qc6 Rdf8 30. Kg2 g5 31. Nxd3 cxd3 32. Qd5 h6 33. Bxg5 hxg5 34. Qxg5+ Kh7 35. Rxf7+ Rxf7 36. Qd5 Rf2+ 37. Kh3 d2 38. Re6 Kg7 39. Qd7+ Rf7 40. Qxd2 Kf8 41. Qe2 b5 42. Re4 b4 43. Rf4 Bd6 44. Rxf7+ Kxf7 45. Qc4+ 1-0


[Site "https://www.chess.com"]

[Event "Titled Tuesday Blitz January 10 Late 2023"]
[White "Lopez Mulet, Inigo"]
[Black "Floresvillar Gonzalez, Luis Migu"]
[WhiteFideId "22235620"]
[BlackFideId "5100542"]
[WhiteElo "2403"]
[BlackElo "2043"]
[Result "1-0"]
[Round "03"]
[TimeControl "180+2"]
[Date "2023.01.10"]
[WhiteClock "0:02:42"]
[BlackClock "0:00:54"]

1. Nf3 d5 2. g3 c6 3. Bg2 Bf5 4. c4 e6 5. b3 Nd7 6. Bb2 Ngf6 7. O-O Be7 8. Re1 O-O 9. d3 h6 10. Nbd2 Re8 11. a4 a5 12. e4 dxe4 13. dxe4 Bg4 14. e5 Nh7 15. Ne4 Nc5 16. Qe2 Nxe4 17. Qxe4 Bf5 18. Qe3 Ng5 19. Nd4 Bc5 20. h4 Nh7 21. Qf4 Bg6 22. Rad1 Qb6 23. Re3 Bxd4 24. Bxd4 Bc2 25. Bxb6 1-0


[Site "https://www.chess.com"]

[Event "Titled Tuesday Blitz January 10 Late 2023"]
[White "Sabar, Ethmane Daouda"]
[Black "Fiorito, Francisco"]
[WhiteFideId "19600097"]
[BlackFideId "180165"]
[WhiteElo "2040"]
[BlackElo "2305"]
[Result "0-1"]
[Round "03"]
[TimeControl "180+2"]
[Date "2023.01.10"]
[WhiteClock "0:00:09"]
[BlackClock "0:01:09"]

1. d4 Nf6 2. Nc3 d5 3. Bf4 c5 4. e3 cxd4 5. exd4 a6 6. Nf3 Bg4 7. Be2 Nc6 8. Ne5 Bxe2 9. Nxe2 e6 10. O-O Bd6 11. c3 Nh5 12. Nxc6 bxc6 13. Bxd6 Qxd6 14. Nc1 Nf4 15. Qg4 O-O 16. g3 Ng6 17. Nd3 a5 18. f4 Ne7 19. Nc5 Rfb8 20. b3 Nf5 21. Rae1 g6 22. Qf3 Re8 23. g4 Ng7 24. Re5 f6 25. Re2 Ra7 26. Rfe1 Rae7 27. Kg2 e5 28. fxe5 fxe5 29. Qg3 Qf6 30. Rxe5 Rxe5 31. Rxe5 Rf8 32. Qe1 Qf3+ 33. Kg1 Qxg4+ 34. Kh1 Nh5 35. Re8 Nf4 36. Rxf8+ Kxf8 37. Qf2 Qd1+ 38. Qg1 Qf3+ 0-1


[Site "https://www.chess.com"]

[Event "Titled Tuesday Blitz January 10 Late 2023"]
[White "Osmonbekov, Talaibek"]
[Black "Rangel, Daniel"]
[WhiteFideId "2017253"]
[BlackFideId "2124475"]
[WhiteElo "2137"]
[BlackElo "2207"]
[Result "0-1"]
[Round "03"]
[TimeControl "180+2"]
[Date "2023.01.10"]
[WhiteClock "0:00:04"]
[BlackClock "0:00:08"]

1. d4 Nf6 2. Bf4 d5 3. Nc3 g6 4. e3 Bg7 5. h4 c5 6. Nf3 Nc6 7. Ne5 Bd7 8. f3 cxd4 9. exd4 O-O 10. Qd2 Qa5 11. O-O-O Rfc8 12. Kb1 Rab8 13. h5 Be6 14. hxg6 hxg6 15. Nxc6 bxc6 16. Bxb8 Rxb8 17. b3 Nd7 18. Ne2 Qa3 19. Nf4 Bf5 20. Qc3 e5 21. g4 exd4 22. Qb2 Qd6 23. gxf5 Qxf4 24. fxg6 fxg6 25. Bd3 Ne5 26. Qc1 Qxc1+ 27. Kxc1 g5 28. Be2 Rf8 29. Rdf1 Ng6 30. Kd2 Nf4 31. Rhg1 Bf6 32. Bd3 Kf7 33. Rg4 Rh8 34. Rf2 c5 35. a4 Rh1 36. Rf1 Rh2+ 37. Kd1 a5 38. Rxf4 gxf4 39. Rg1 Rf2 40. Be2 Rh2 41. Rg4 Be5 42. Rg5 Kf6 43. Rg8 Rh1+ 44. Kd2 Ke6 45. Re8+ Kd6 46. Ra8 Bf6 47. Ra6+ Ke5 48. Rxa5 Bh4 49. Ra8 Be1+ 50. Kd3 Bc3 51. Re8+ Kd6 52. Rd8+ Kc6 53. Rf8 Rh2 54. Rxf4 c4+ 55. bxc4 dxc4+ 56. Kxc4 Rxe2 57. Rf6+ Kd7 58. Rf7+ Ke6 59. Ra7 Rxc2 60. Kd3 Rd2+ 61. Ke4 Re2+ 62. Kf4 Ra2 63. Ra6+ Kd5 64. Kf5 d3 65. Ra8 d2 66. Rd8+ Kc4 67. Rc8+ Kd3 68. Rd8+ Bd4 69. f4 d1=Q 70. Ke6 Qg4+ 71. f5 Rxa4 72. Rxd4+ Rxd4 73. Ke7 Qxf5 74. Ke8 Re4+ 75. Kd8 Qd5+ 76. Kc7 Rc4+ 77. Kb6 Qc6+ 0-1


[Site "https://www.chess.com"]

[Event "Titled Tuesday Blitz January 10 Late 2023"]
[White "Krishnan, Varun"]
[Black "Clawitter, Craig"]
[WhiteFideId "5054508"]
[BlackFideId "2023105"]
[WhiteElo "2341"]
[BlackElo "2050"]
[Result "1-0"]
[Round "03"]
[TimeControl "180+2"]
[Date "2023.01.10"]
[WhiteClock "0:00:09"]
[BlackClock "0:00:06"]

1. d4 e6 2. c4 Nf6 3. g3 d5 4. Bg2 Be7 5. Nf3 O-O 6. O-O dxc4 7. Qc2 a6 8. a4 Bd7 9. Qxc4 Bc6 10. Nc3 b5 11. Qb3 b4 12. Nd1 Bd5 13. Qc2 Nc6 14. e3 Na5 15. Ne5 c5 16. e4 Bb3 17. Qd2 cxd4 18. Nd3 Bc4 19. Rb1 Rc8 20. Nxb4 Bxf1 21. Bxf1 Nb3 22. Qe1 Rxc1 23. Rxc1 Nxc1 24. Nxa6 Nb3 25. Bc4 Nc5 26. Nxc5 Bxc5 27. b4 Be7 28. a5 e5 29. b5 Qc7 30. Bd3 Bc5 31. b6 Qc6 32. Nb2 Rc8 33. Nc4 Bf8 34. a6 Qc5 35. a7 Nd7 36. b7 Nb6 37. Nxb6 Qxb6 38. bxc8=Q Qxa7 39. Qb4 Qe7 40. Qxe7 1-0


[Site "https://www.chess.com"]

[Event "Titled Tuesday Blitz January 10 Late 2023"]
[White "TheKnightOfBosnia"]
[Black "Delaere, Jeroen"]
[BlackFideId "204129"]
[WhiteElo "2537"]
[BlackElo "2104"]
[Result "1-0"]
[Round "03"]
[TimeControl "180+2"]
[Date "2023.01.10"]
[WhiteClock "0:01:36"]
[BlackClock "0:00:10"]

1. e4 c6 2. d4 d5 3. Nd2 dxe4 4. Nxe4 Nf6 5. Nxf6+ exf6 6. Bc4 Bd6 7. Qe2+ Qe7 8. Qxe7+ Kxe7 9. Ne2 Re8 10. O-O Kf8 11. Bf4 Bxf4 12. Nxf4 Be6 13. Bd3 g6 14. Rfe1 Nd7 15. h4 Nb6 16. h5 Kg7 17. hxg6 hxg6 18. Bxg6 fxg6 19. Nxe6+ Kf7 20. Nc5 Rxe1+ 21. Rxe1 Rb8 22. c3 Nd5 23. g3 b6 24. Ne4 Rd8 25. Kg2 Ne7 26. f3 Nf5 27. a4 Nd6 28. Rh1 Nxe4 29. fxe4 Kg7 30. Kf3 Re8 31. Kf4 Re7 32. a5 b5 33. a6 Re8 34. b3 Rb8 35. Ra1 Rb6 36. Ra5 Kf7 37. c4 bxc4 38. bxc4 Ke6 39. d5+ cxd5 40. exd5+ Kd6 41. c5+ 1-0


[Site "https://www.chess.com"]

[Event "Titled Tuesday Blitz January 10 Late 2023"]
[White "ritanovikova"]
[Black "Musovic, Armin"]
[BlackFideId "939935"]
[WhiteElo "2115"]
[BlackElo "2261"]
[Result "1/2-1/2"]
[Round "03"]
[TimeControl "180+2"]
[Date "2023.01.10"]
[WhiteClock "0:00:07"]
[BlackClock "0:00:11"]

1. d4 d5 2. Bf4 c5 3. c3 Nc6 4. e3 cxd4 5. exd4 f6 6. Bb5 Qb6 7. Qa4 a6 8. Na3 e5 9. dxe5 Bxa3 10. Bxc6+ bxc6 11. Qxa3 Bg4 12. f3 Bh5 13. Ne2 Ne7 14. exf6 gxf6 15. O-O-O Kf7 16. Ng3 Bg6 17. Rhe1 Rhe8 18. Qd6 Ra7 19. Be3 Qb7 20. Bxa7 Qxa7 21. Qf4 Rb8 22. Qe3 Qd7 23. h4 h5 24. Rd2 c5 25. Rde2 Rb7 26. Qe6+ Qxe6 27. Rxe6 d4 28. cxd4 cxd4 29. Rxa6 Rc7+ 30. Kd1 Nd5 31. Ne4 Kg7 32. Kd2 Nb4 33. Ra5 Rc2+ 34. Kd1 Rxb2 35. a3 Na2 36. Re2 Rb1+ 37. Kd2 Bxe4 38. Rxe4 Nc3 39. Rxd4 Na2 40. Rd7+ Kg6 41. Raa7 Rb2+ 42. Ke3 Kf5 43. Rg7 Rb3+ 44. Kd4 Rb1 45. g4+ hxg4 46. fxg4+ Kf4 47. Rgf7 Rd1+ 48. Kc4 Rc1+ 49. Kb3 Ra1 50. Rxf6+ Kxg4 51. Rh6 Nc1+ 52. Ka4 Rb1 53. Rhh7 Nd3 54. Rag7+ Kf5 55. h5 Nc5+ 56. Ka5 Nb3+ 57. Ka6 Nc5+ 58. Ka7 Ne6 59. Rf7+ Ke5 60. Re7 Kd6 61. Rxe6+ Kxe6 62. Rh6+ Kf7 63. Rb6 Rh1 64. h6 Ke8 65. a4 Kd8 66. a5 Kc8 67. a6 Rh5 68. Rb8+ Kc7 69. Rb7+ Kc6 70. Rb6+ Kc5 71. Rb7 Rxh6 72. Rc7+ Kd6 73. Rb7 Kc5 74. Ka8 Rxa6+ 75. Kb8 Rb6 76. Rxb6 Kxb6 1/2-1/2


[Site "https://www.chess.com"]